 Dungeon Crawl Stone Soup version 0.27-a0-46-g34d46f0a3f (webtiles) character file.

Game seed: 2304757017476590145

431 Borgoz the Slasher (level 6, -3/52 HPs)
             Began as a Draconian Gladiator on Jan 7, 2021.
             Was an Initiate of Ashenzari.
             Slain by an orc
             ... wielding a +0 whip
              (5 damage)
             ... on level 5 of the Dungeon.
             The game lasted 00:04:34 (4862 turns).

Borgoz the Slasher (Draconian Gladiator)            Turns: 4862, Time: 00:04:34

Health: -3/52      AC:  6    Str: 16    XL:     6   Next: 67%
Magic:  6/6        EV: 15    Int:  8    God:    Ashenzari [......]
Gold:   284        SH:  0    Dex: 15    Spells: 5/5 levels left

rFire    . . .     SeeInvis .   a - +0 long sword
rCold    . . .     Faith    +   (no shield)
rNeg     . . .     Spirit   .   (armour unavailable)
rPois    .         Reflect  .   b - +0 hat
rElec    .         Harm     .   (no cloak)
rCorr    .         Rampage  .   (no gloves)
Will     .....                  (no boots)
Stlth    ++........             i - amulet of faith
HPRegen  0.17/turn              h - ring of stealth
MPRegen  0.10/turn              (no ring)

@: berserk cooldown, slowed, very slow
A: unfitting armour, cold-blooded, AC +6
a: Renounce Religion, Curse Item


You were on level 5 of the Dungeon.
You worshipped Ashenzari.
Ashenzari was noncommittal.
You visited 2 branches of the dungeon, and saw 6 of its levels.

You collected 284 gold pieces.

Inventory:

Hand Weapons
 a - a +0 long sword (weapon)
Missiles
 c - 3 throwing nets (quivered)
Armour
 b - a +0 hat (worn)
Jewellery
 h - a ring of stealth (left hand)
 i - an amulet of faith (around neck)
 r - an uncursed ring of fire
Wands
 t - a wand of acid (7)
 w - a wand of random effects (17)
Scrolls
 d - 5 scrolls of remove curse
 e - 2 scrolls of amnesia {unknown}
 f - a scroll of fear {unknown}
 g - a scroll of enchant armour {unknown}
 j - 4 scrolls of enchant weapon {unknown}
 m - a scroll of random uselessness {unknown}
 o - 4 scrolls of magic mapping {unknown}
 p - 2 scrolls of noise {unknown}
 s - a scroll of blinking
 y - a scroll of teleportation {unknown}
 A - a scroll of identify
 B - 3 scrolls of fog {unknown}
 C - a scroll of acquirement {unknown}
Potions
 k - 2 potions of haste
 l - 3 potions of flight
 n - 3 potions of berserk rage
 q - a potion of cancellation
 u - a potion of resistance {unknown}
 v - a potion of heal wounds {unknown}
 x - a potion of experience {unknown}
 z - 2 potions of lignification {unknown}


   Skills:
 + Level 4.0 Fighting
 * Level 5.3 Long Blades
 - Level 1.7 Throwing
 * Level 4.8 Dodging


You had 5 spell levels left.
You didn't know any spells.
Your spell library was empty.

Dungeon Overview and Level Annotations

Branches:
Dungeon (5/15)             Temple (1/1) D:5

Altars:
Ashenzari
Cheibriados
Dithmenos
Elyvilon
Fedhas
Gozag
Hepliaklqana
Kikubaaqudgha
Makhleb
Nemelex Xobeh
Okawaru
Ru
Sif Muna
Trog
Uskayaw
Vehumet
Wu Jian
Xom
Yredelemnul
Zin
The Shining One
Beogh

Shops:
D:4 =

Annotations:
D:3 3 runed translucent doors, Borgoz's ghost, amateur HOBe


Innate Abilities, Weirdness & Mutations

Your plain brown scales are hard. (AC +6)
You cannot fit into any form of body armour.
You are cold-blooded and may be slowed by cold attacks.


Message History

a +0 flail; a +0 chain mail You hit the orc.
The orc is severely wounded.
The orc misses you.
You riposte.
You slash the orc!
You kill the orc!
The orc shouts!
You see here a +0 dagger.
You feel a strong urge to attack something.
An adder comes into view.
An orc comes into view. It is wielding a +0 club.
You barely miss the orc.
An adder comes into view.
You hit the orc but do no damage. The orc closely misses you.
You hit the orc but do no damage. The orc misses you.
You barely miss the orc. The orc barely misses you.
You hit the orc but do no damage.
Your tail-slap misses the orc.
You are no longer berserk.
You are exhausted.
You feel yourself slow down. The orc hits you with a +0 whip.
You die...

###.#.#.....
.8. #.#.##.#..
...
###.#.##.#..
#'#
##......[....
### #S#
#.#########..
... #o#
#.##########.
### #S#
#......... ..
#o####.........
.
#@)))...#######
#########


You could see 2 adders and 2 orcs.

Vanquished Creatures
  A phantom (D:5)
  2 orc priests (D:5)
  Ijyb (D:3)
  2 orc wizards
  A worker ant (D:4)
  8 adders
  4 worms
  3 dart slugs
  2 leopard geckos
  14 orcs
  A ball python (D:5)
  7 bats
  4 giant cockroaches
  4 goblins
  5 hobgoblins
  5 jackals
  7 kobolds
  3 quokkas
  A frilled lizard (D:2)
  11 rats
86 creatures vanquished.

Notes
Turn   | Place    | Note
-------+----------+-------------------------------------------
     0 | D:1      | Borgoz the Draconian Gladiator began the quest for the Orb.
     0 | D:1      | Reached XP level 1. HP: 17/17 MP: 1/1
    55 | D:1      | Reached XP level 2. HP: 12/25 MP: 2/2
   641 | D:2      | Reached XP level 3. HP: 24/30 MP: 3/3
   854 | D:2      | Reached XP level 4. HP: 18/37 MP: 4/4
  1391 | D:2      | You fall into a shaft and drop 2 floors!
  1547 | D:4      | Reached skill level 4 in Long Blades
  1876 | D:3      | Reached XP level 5. HP: 6/45 MP: 5/5
  2304 | D:3      | Found a runed translucent gate.
  2304 | D:3      | Found a runed translucent gate.
  2304 | D:3      | Found a runed translucent gate.
  2307 | D:3      | Noticed Borgoz's ghost (amateur HOBe)
  2309 | D:3      | Identified the cursed +1 chain mail of the Northern Lights
                  | {Dex+4}
  2310 | D:3      | Found a roughly hewn altar of Beogh.
  2888 | D:3      | Noticed Ijyb
  2910 | D:3      | Killed Ijyb
  3452 | D:4      | Found Fulymip's Jewellery Emporium.
  3562 | D:4      | Reached XP level 6. HP: 43/52 MP: 6/6
  3977 | D:5      | Entered Level 5 of the Dungeon
  4039 | D:5      | Reached skill level 5 in Long Blades
  4159 | D:5      | Found a hide-covered altar of Uskayaw.
  4407 | D:5      | Found a staircase to the Ecumenical Temple.
  4439 | Temple   | Entered the Ecumenical Temple
  4675 | Temple   | Became a worshipper of Ashenzari the Shackled
  4851 | D:5      | HP: 2/52 [orc priest/divine providence (14)]
  4862 | D:5      | Slain by an orc

Illustrated notes

Levels and vault maps discovered:
D:1:      lightli_arrival_noodles, layout_basic
D:2:      layout_rooms, chequers_serial_rivers_small_b
D:3:      layout_loops_ring, biasface_ghost_orc_armoury, grunt_ministairs_15,
          kennysheep_generic_room_11, uniq_ijyb
D:4:      layout_gridville, serial_shops, shop
D:5:      minmay_chambers_of_threes, layout_loops_ring,
          minmay_temple_entry_statues_fountains, basic_altar
Temple:   nicolae_temple_the_god_donut

Skill      XL: |  1  2  3  4  5  6 |
---------------+-------------------+-----
Dodging        | 3 4 |  4.8
Fighting       | 3 4 |  4.0
Long Blades    | 4 5 |  5.3
Throwing       | |  1.7

Action                   |  1- 3 |  4- 6 || total
-------------------------+-------+-------++-------
Melee: Long sword        |    67 |   188 ||   255
       Tailslap          |    14 |    31 ||    45
  Use: Potion            |       |     2 ||     2
       Scroll            |       |     5 ||     5
 Stab: Sleeping          |     2 |    10 ||    12
Armor: Skin              |    24 |    47 ||    71
Dodge: Dodged            |    78 |   146 ||   224
       Rpst.: Long sword |    24 |    52 ||    76

Table legend: (Time is in decaauts)
 A = Elapsed time spent in this place.
 B = Non-inter-level travel time spent in this place.
 C = Inter-level travel time spent in this place.
 D = Time resting spent in this place.
 E = Time spent auto-exploring this place.
 F = Levels seen in this place.
 G = Mean time per level.
                   A        B        C        D        E       F      G
               +--------+--------+--------+--------+--------+-----+--------+
         Total |   4925 |   4769 |    156 |    738 |   3379 |   6 |  820.8 |
       Dungeon |   4682 |   4537 |    145 |    738 |   3149 |   5 |  936.4 |
        Temple |    242 |    231 |     11 |      0 |    230 |   1 |  242.0 |
               +--------+--------+--------+--------+--------+-----+--------+

Top non-repeatable levels by time:
     D:3: 1493 daAuts
     D:2: 1015 daAuts
     D:4: 889 daAuts
     D:5: 646 daAuts
     D:1: 638 daAuts
  Temple: 242 daAuts
